[Event "1000GM Schev-A February 2024"]
[Site "Santa Clara"]
[Date "2024.02.18"]
[Round "3.1"]
[White "Arutla, Aditya"]
[Black "Arenas, David"]
[Result "1/2-1/2"]
[ECO "C56"]
[WhiteElo "2132"]
[BlackElo "2406"]
[Annotator "TA"]
[PlyCount "53"]
[EventDate "2024.02.13"]
[EventType "schev"]
[EventCountry "USA"]
[SourceTitle "playchess.com"]
[Source "ChessBase"]
[SourceQuality "1"]
[TimeControl "5400+30"]

1. e4 e5 2. Nf3 Nc6 3. d4 exd4 4. Bc4 Nf6 5. O-O Nxe4 6. Re1 d5 7. Bxd5 Qxd5 8. Nc3 Qa5 9. Nxe4 Be6 10. Neg5 O-O-O 11. Nxe6 fxe6 12. Rxe6 Bd6 13. Bg5 Rde8 14. Qe2 Kd7 15. Rxe8 Rxe8 16. Qd3 h6 17. Bh4 {[%emt 0:00:00][%cal Od3g6] White has an edge.} g5 {[%emt 0:13:15] The position is equal.} 18. Bg3 g4 19. Nd2 h5 20. Ne4 Qf5 {[%emt 0:00:34] Inhibits Nf6+.} 21. Re1 Bxg3 22. hxg3 Re5 {[%emt 0:00:03][%cal Be8e5,Be5d5,Bd5d4][%mdl 32] Prevents b4.} ({Don't blunder} 22... Kc8 $2 23. Nd6+ cxd6 24. Rxe8+ (24. Qxf5+ Kd8 $18) 24... Kd7 25. Qxf5+ $18) 23. c3 Kc8 24. cxd4 Rd5 25. Qe3 Rxd4 26. Nc3 a6 27. Re2 {[%emt 0:00:00] A rather calm draw.   Weighted Error Value: White=0.04 (flawless) /Black=0.04 (flawless) .  OK:         	White=5     	Black=8} 1/2-1/2

[Event "1000GM Schev-A February 2024"]
[Site "Santa Clara"]
[Date "2024.02.18"]
[Round "3.2"]
[White "Sivakumar, Shaashwath"]
[Black "Zuluaga Mancilla, Cesar"]
[Result "1-0"]
[ECO "B28"]
[WhiteElo "2205"]
[BlackElo "2251"]
[Annotator "TA"]
[PlyCount "71"]
[EventDate "2024.02.13"]
[EventType "schev"]
[EventCountry "USA"]
[SourceTitle "playchess.com"]
[Source "ChessBase"]
[SourceQuality "1"]
[TimeControl "5400+30"]

1. e4 c5 2. Nf3 a6 3. g3 d6 4. Bg2 e5 5. O-O Nc6 6. Nc3 Nf6 7. Re1 Be7 8. Nd5 {[%emt 0:00:45] The position is equal.} O-O 9. a3 Nxd5 10. exd5 Nd4 11. b4 Nxf3+ 12. Qxf3 cxb4 13. axb4 Bf6 14. Qb3 Bf5 15. Ra2 Qc7 16. d3 Rfe8 17. Bd2 Rac8 18. c4 h6 19. h4 g5 20. h5 (20. hxg5 $14 Bxg5 21. Qc3) 20... Bg4 {[%emt 0:00:00] [#]} (20... Bg7 $11) 21. c5 $1 $14 Bxh5 (21... Bg7 22. Rc1) 22. Rc1 Bg6 23. Bh3 {[%emt 0:00:49] next cxd6 is good for White.} Ra8 24. Be3 e4 25. cxd6 Qxd6 26. Bc5 Qd8 ({Black should try} 26... Qe5 $1 $11) 27. d6 $36 {[%emt 0:01:01][%cal Bd5d6,Bd6d7][%mdl 2080] Threatens to win with d7. White is pushing.} exd3 28. d7 Re4 {[%emt 0:00:00] [#]} 29. Qd5 $1 {[%emt 0:01:02] White is more active.} (29. Qxd3 $2 Re1+ 30. Rxe1 Bxd3 $17) 29... g4 30. Bg2 {[%emt 0:00:05] Really sharp!} Re2 $2 {[%emt 0:00:00][%mdl 8192] Black cannot hold the game after this.} ({Black should play} 30... Re6 $1 $14) 31. Rxe2 $18 dxe2 32. Re1 $1 (32. Qxb7 Rb8 33. Qxa6 Bf5 $16) 32... Qc7 33. Rxe2 {[%emt 0:00:44] White threatens Re8+ and mate.} Rd8 34. Bd4 (34. Qxb7 Qxd7 35. Qxd7 (35. Qxa6 Bd3 $11) 35... Rxd7 $11) 34... Bg5 (34... Rxd7 35. Bxf6 Kf8 (35... Qc1+ $2 36. Kh2 $18) 36. Qc5+ Qxc5 37. bxc5 $18) (34... Qxd7 $18 35. Bxf6 (35. Qxd7 Rxd7 36. Bxf6 Kh7 $18) 35... Qxd5 36. Bxd5 Bd3 (36... Rxd5 37. Re8+ Kh7 38. Rh8#) 37. Bxd8 Bxe2 38. Bxb7 Kf8) 35. Re8+ ({Not} 35. Qxb7 Qxb7 (35... Qxd7 $2 36. Qxd7 Kf8 37. Qxg4 $18) 36. Re8+ Kh7 37. Bxb7 Bf5 38. Rxd8 (38. Bxa6 Rxd7 39. Bc8 Rxd4 $11) 38... Bxd8 39. Bxa6 Bxd7 $18) 35... Kh7 36. Be4 {[%emt 0:00:17] Weighted Error Value: White=0.33/Black=0.53.  Loses game:     	---       	Black=1      Mistake:       	White=1     	Black=2      Inaccurate:     	White=5     	Black=3      OK:         	White=8     	Black=9      Best:        	White=2     	---        Strong:       	White=2     	---} ({Weaker is} 36. Qxb7 Qxb7 (36... Qxd7 37. Qxd7 Rxe8 38. Qxe8 f6 39. Qf8 h5 40. Bd5 Bd3 41. Qg8+ Kh6 42. Bf7 h4 43. Qh8+ Bh7 44. Qf8#) 37. Bxb7 Bd3 $16) 1-0

[Event "1000GM Schev-A February 2024"]
[Site "Santa Clara"]
[Date "2024.02.18"]
[Round "3.3"]
[White "Dominguez Aguilar, Guillermo"]
[Black "Zhou, Ruoyu"]
[Result "1/2-1/2"]
[ECO "E05"]
[WhiteElo "2319"]
[BlackElo "2112"]
[Annotator "RC"]
[PlyCount "87"]
[EventDate "2024.02.13"]
[EventType "schev"]
[EventCountry "USA"]
[SourceTitle "playchess.com"]
[Source "ChessBase"]
[SourceQuality "1"]
[TimeControl "5400+30"]

1. c4 e6 2. Nf3 d5 3. g3 Be7 4. Bg2 Nf6 5. O-O O-O 6. d4 dxc4 7. Ne5 Nc6 8. Nxc6 bxc6 9. Na3 Bxa3 10. bxa3 Rb8 11. Qc2 Ba6 12. Rd1 Nd5 13. e4 Nb6 14. a4 Qe7 15. a5 Nd7 16. Qc3 Rfd8 17. Ba3 Qe8 18. e5 Nf8 19. Bc5 Rb7 20. Be4 Ng6 21. Qc2 h6 22. Qa4 Bb5 23. Qa3 Ba6 24. Qf3 Ne7 25. Bc2 Nd5 26. Qe4 g6 27. Qh4 Kg7 28. Ba3 Rbb8 29. Re1 c3 30. Bc1 Qh8 31. a3 Bc4 32. Qe4 Ne7 33. Qf3 Nd5 34. h4 Kg8 35. Re4 Qg7 36. Rg4 h5 37. Re4 Bb3 38. Bd3 Ne7 39. Bg5 Re8 40. Ree1 Bd5 41. Qf4 Nf5 42. Rec1 Rb3 43. f3 c5 44. Bf6 1/2-1/2

[Event "1000GM Schev-A February 2024"]
[Site "Santa Clara"]
[Date "2024.02.18"]
[Round "3.4"]
[White "Jimenez Garcia, Emmanuel"]
[Black "Rajaram, Rohan"]
[Result "1-0"]
[ECO "D02"]
[WhiteElo "2394"]
[BlackElo "2151"]
[Annotator "TA"]
[PlyCount "67"]
[EventDate "2024.02.13"]
[EventType "schev"]
[EventCountry "USA"]
[SourceTitle "playchess.com"]
[Source "ChessBase"]
[SourceQuality "1"]
[TimeControl "5400+30"]

1. d4 d5 2. Nf3 Nf6 3. c3 e6 4. Bg5 Be7 5. Nbd2 O-O 6. e3 h6 7. Bf4 c5 8. g4 {[%emt 0:04:56] The position is equal.} Nh7 (8... Nxg4 9. Rg1 f5 10. h3 $16) (8... Qb6 $11) 9. h4 $16 f6 10. Bd3 {[%emt 0:01:19][%cal Og4g5] White has more active pieces.} e5 (10... Nc6 $16 {might work better.}) 11. dxe5 $18 Bxg4 12. Qb1 (12. Qc2 $6 f5 $16) 12... f5 {[%emt 0:01:27] [#]} 13. Nh2 $1 {[%emt 0:02:50] aiming for Nxg4.} Bh3 14. Nhf1 Bxf1 15. Nxf1 (15. Kxf1 Qd7 $16) 15... Bxh4 (15... Rf7 {was necessary.} 16. Bxf5 Nf8) 16. Bxf5 Ng5 17. Nd2 (17. Rxh4 Nf3+ 18. Ke2 Nxh4 19. Be6+ Kh8 $19) 17... Ne4 (17... Qe7 $142 18. Rxh4 Nc6) 18. Nxe4 Rxf5 19. Nxc5 Rf7 20. e6 Rf8 (20... Rxf4 {is a better defense.} 21. exf4 Qf6) 21. Qg6 {[%emt 0:04:44][%cal Oe1c1] 0-0-0! would now be deadly.} ({Weaker is} 21. Nxb7 Bxf2+ 22. Kd2 (22. Kxf2 Qb6 $16) 22... Qf6 $18) 21... Qe7 (21... Bg5 $142 22. Nxb7 Qe8 23. Qxe8 Rxe8 24. Bxg5 hxg5) 22. O-O-O ({Not} 22. Bxh6 Rf6 23. Qxg7+ Qxg7 24. Bxg7 Bxf2+ 25. Ke2 Kxg7 $18) 22... Rf6 23. Qg4 Bxf2 24. Rxd5 {[%emt 0:01:18][%cal Oc5e4] Hoping for Ne4!} b6 25. Ne4 Bxe3+ 26. Bxe3 {[%emt 0:00:06] White mates.} Rxe6 {[%emt 0:00:07] [#]} 27. Rd8+ $3 Qxd8 (27... Kf7 28. Rf1+) 28. Qxe6+ Kh8 29. Rxh6+ gxh6 30. Bd4+ Qxd4 31. Qxh6+ Kg8 32. Qg6+ Kh8 33. cxd4 Nd7 34. Ng5 {[%emt 0:00:08] Black got outplayed after the opening.   Weighted Error Value: White=0.24 (precise) /Black=0.78.  Mistake:       	---       	Black=6      Inaccurate:     	White=1     	Black=1      OK:         	White=5     	Black=5      Best:        	White=2     	---        Strong:       	White=1     	---} 1-0

[Event "1000GM Schev-A February 2024"]
[Site "Santa Clara"]
[Date "2024.02.18"]
[Round "3.5"]
[White "Sivakumar, Shaaketh"]
[Black "Martin Carmona, Gaston Manuel"]
[Result "0-1"]
[ECO "B12"]
[WhiteElo "2364"]
[BlackElo "2343"]
[Annotator "TA"]
[PlyCount "106"]
[EventDate "2024.02.13"]
[EventType "schev"]
[EventCountry "USA"]
[SourceTitle "playchess.com"]
[Source "ChessBase"]
[SourceQuality "1"]
[TimeControl "5400+30"]

1. e4 c6 2. d4 d5 3. e5 Bf5 4. h4 h5 5. Bd3 Bxd3 6. Qxd3 {[%emt 0:00:07] B12: Caro-Kann: Advance Variation.} Qa5+ 7. Nd2 e6 8. Ngf3 Nh6 9. O-O Nf5 10. c4 Qa6 11. b3 Be7 12. a4 {[%emt 0:01:30] The main line 12.a4 scores better than 12.g3.} Nd7 13. Bb2 O-O 14. a5 Rfd8 $146 ({Predecessor:} 14... Rac8 15. g3 Bb4 16. Bc3 Bxc3 17. Qxc3 c5 18. Kh2 dxc4 19. bxc4 cxd4 20. Nxd4 Nxe5 21. Nxf5 {0-1 Magallanes,R (2032)-Jiganchine,R (2205) Titled Tuesday intern op 27th Dec Early blitz 2022 (5)}) 15. Rfd1 c5 16. Qc2 (16. Qe2 $11 {remains equal.}) 16... Nxd4 (16... cxd4 {looks sharper.} 17. Nxd4 Nxh4 18. cxd5 Rac8) 17. Nxd4 cxd4 18. Bxd4 dxc4 (18... Nb8 $5) 19. Nxc4 Bxh4 20. Qe2 g6 21. Qe3 Be7 22. Kh1 Qb5 23. Bxa7 (23. f4 $11) 23... Bc5 $4 (23... Rxa7 $19 {and all is fine.} 24. Qxa7 Bc5) 24. Bxc5 $18 Nxc5 25. Nd6 Qb4 26. Rd4 (26. Rac1 $142 Rxa5 27. Rd4 Qxb3 28. Qh6) 26... Qxb3 $18 27. Qf4 Rf8 28. Rad1 Rxa5 $2 (28... Qc3 $16 {is more resistant.}) 29. Qf6 $2 (29. Qh6 $18 Raa8 30. Nxf7 Qxd1+ 31. Rxd1 Rxf7 32. Qxg6+ Rg7 33. Qf6 (33. Qxh5 $2 Rh7 $19)) 29... Nd7 $15 30. Qe7 $2 (30. Qg5 $1 $15 Rd5 (30... Nxe5 31. Ne4 $11) (30... Rxe5 31. Qe7 $17) 31. Rxd5 exd5 32. Rc1) 30... Nxe5 $19 31. Ne4 $2 {[%emt 0:00:05] [#]} (31. Qxb7 Qxb7 32. Nxb7) 31... Qa3 $2 (31... Nc6 $1 $19 32. Qd7 Nxd4 33. Qxd4 Qa4 (33... Rf5 $2 34. Re1 $19)) 32. Qh4 (32. Nf6+ $17 {was the only defense.} Kh8 (32... Kg7 33. Ne8+ Rxe8 34. Qxe8 $17) 33. Rd6) 32... Nc6 $19 33. Rd7 Qb4 34. R7d6 Re5 $2 (34... g5 $19 35. Nf6+ Kg7 36. Qxb4 Nxb4 37. Nxh5+ Kg6) 35. f3 (35. Nf6+ $15 Kg7 36. Qxb4 Nxb4 37. Nd7) 35... Qb2 (35... Rb5 $19 {...Ra8 would now be deadly.} 36. Qf4 Rf5) 36. R6d2 $17 Qa3 37. Rd7 (37. Nf6+ $15 Kg7 38. Nd7) 37... Rf5 $19 38. Ng3 Rb5 39. Ne4 Qb4 (39... Qb2 $19 {and Black stays clearly on top.} 40. Qf4 Rf5) 40. Qf4 (40. Rxb7 $17 Qb2 (40... Rxb7 41. Nf6+ Kg7 42. Nxh5+ Kg8 43. Nf6+ Kg7 44. Nh5+ gxh5 45. Qg5+ Kh7 46. Qxh5+ Kg8 47. Qg5+ Kh7 48. Qh5+ Kg8 49. Qg5+ Kh7 50. Qh5+ $11) 41. Rxb5 Qxb5 42. Rc1) 40... Rf5 $19 41. Qg3 (41. Qh6 {was necessary.}) 41... Qb2 42. Qh4 Qe5 43. Rxb7 Nd4 44. Rd7 Rf4 45. Qh3 $2 (45. Qe1 Nf5 46. Kg1) 45... Nf5 $19 46. g3 Rxf3 47. Re1 Re3 48. Rxe3 Nxe3 49. Nd2 Qa1+ 50. Kh2 Ng4+ 51. Kg2 Qe1 52. Qh4 Qf2+ 53. Kh1 Kg7 0-1

[Event "1000GM Schev-A February 2024"]
[Site "Santa Clara"]
[Date "2024.02.19"]
[Round "4.1"]
[White "Zuluaga Mancilla, Cesar"]
[Black "Arutla, Aditya"]
[Result "0-1"]
[ECO "D02"]
[WhiteElo "2251"]
[BlackElo "2132"]
[Annotator "TA"]
[PlyCount "94"]
[EventDate "2024.02.13"]
[EventType "schev"]
[EventCountry "USA"]
[SourceTitle "playchess.com"]
[Source "ChessBase"]
[SourceQuality "1"]
[TimeControl "5400+30"]

1. d4 Nf6 2. Nf3 d5 3. Bf4 c5 4. c3 Nc6 5. dxc5 e6 6. b4 a5 7. b5 Ne7 8. Nbd2 {The position is equal.} Ng6 9. Bg3 Bxc5 10. e3 O-O 11. Bd3 Nh5 (11... b6 $15) 12. Nb3 Nxg3 13. hxg3 Bd6 14. c4 (14. O-O {simplifies} a4 15. Nbd2 e5 16. Bxg6 hxg6 17. c4) 14... Bb4+ (14... dxc4 {simplifies} 15. Bxc4 Bb4+ 16. Nbd2 b6) 15. Ke2 Qf6 16. Rc1 Rd8 17. cxd5 Rxd5 18. Qc2 e5 19. Be4 (19. Rhd1 $11 {remains equal.} Be6 20. Nbd2) 19... Rxb5 $17 20. Qxc8+ (20. a4 $142 Rb6 21. Nbd2) 20... Rxc8 21. Rxc8+ Bf8 22. Rd1 {[#] Loses the game.} (22. Ra8 $17) 22... a4 $1 $19 23. Nc1 Qa6 {Threatens to win with ...Rb4+.} 24. Ke1 Rc5 25. Rb8 Qa5+ 26. Ke2 Qb5+ 27. Ke1 Rc7 28. Nd3 Rd7 29. Ke2 Qb6 ({Weaker is} 29... Qc4 30. Bxg6 Re7 (30... fxg6 $2 {is the wrong capture.} 31. Nfxe5 Qxa2+ 32. Rd2 $18) 31. Rc1 Qxa2+ 32. Ke1 hxg6 (32... fxg6 33. Rcc8 $11) 33. Rcc8 $11) 30. Rc1 {[%emt 0:00:30][%cal Oc1c8] Rcc8! is the strong threat.} Rd8 31. Rxb7 (31. Rxd8 $17 {was the only chance.} Qxd8 32. Bxb7) 31... Qe6 {[%emt 0:00:30] aiming for ...f5.} 32. Bxg6 (32. Nb4 {is a better chance.}) 32... hxg6 33. Nfxe5 Qxa2+ 34. Rb2 Qd5 35. Rd2 a3 ({Much less strong is} 35... Qxg2 36. Nf3 Qh3 (36... a3 $2 37. Rc3 $19) 37. Rdc2 $19) 36. Nc6 Ra8 37. Nd4 Be7 38. Nf4 Qb7 39. Ra2 Bf6 40. Rc3 (40. Kf1 $142) 40... Bxd4 41. exd4 Qe4+ 42. Kd2 Qb1 43. Rcc2 Qb4+ 44. Kd3 Re8 45. Ne2 Qb5+ 46. Rc4 Rc8 47. Rac2 {[%emt 0:00:30] [#]} a2 $1 {[%emt 0:00:30][%mdl 512] Weighted Error Value: White=0.57/Black=0.32.  Mistake:       	White=6     	Black=1      Inaccurate:     	White=2     	Black=2      OK:         	White=13    	Black=12     Best:        	White=2     	Black=5      Strong:       	---       	Black=1} 0-1

[Event "1000GM Schev-A February 2024"]
[Site "Santa Clara"]
[Date "2024.02.19"]
[Round "4.2"]
[White "Dominguez Aguilar, Guillermo"]
[Black "Sivakumar, Shaashwath"]
[Result "0-1"]
[ECO "B92"]
[WhiteElo "2319"]
[BlackElo "2205"]
[Annotator "TA"]
[PlyCount "102"]
[EventDate "2024.02.13"]
[EventType "schev"]
[EventCountry "USA"]
[SourceTitle "playchess.com"]
[Source "ChessBase"]
[SourceQuality "1"]
[TimeControl "5400+30"]

1. e4 c5 2. Nf3 d6 3. d4 cxd4 4. Nxd4 Nf6 5. Nc3 a6 6. Be2 e5 7. Nb3 Be7 8. Bg5 Be6 9. Bxf6 Bxf6 10. Qd3 Qc7 11. O-O-O Be7 12. h4 {[%emt 0:00:35] Weiß steht etwas besser.} Nd7 13. Kb1 O-O 14. g4 b5 15. Nd5 Bxd5 16. exd5 a5 17. Nd2 a4 (17... b4 $15) 18. a3 $11 Nc5 19. Qe3 Rab8 20. c3 $1 f5 21. g5 Qd7 22. f4 e4 {[%emt 0:13:45] Es drohte Nf3} 23. Nf1 Bd8 24. Qh3 Ba5 25. Rh2 {[%emt 0:23:42] [#]} b4 $1 26. cxb4 Bxb4 27. axb4 (27. Bc4 $15) 27... Rxb4 $17 28. Qc3 (28. Ne3 $2 a3 29. Nc4 Rb3 $19) (28. Rc1 $142 Qb7 29. Bc4) 28... Qb7 $2 (28... Rb3 $19 29. Qe1 a3) 29. Bc4 {[%emt 0:00:42] [#]} a3 $1 30. Ne3 Na4 (30... Ra8 $1 $17 {[%cal Ra8a4] ...Raa4 wäre nun fies.} 31. Nxf5 Rxc4 32. Qxc4 a2+ 33. Kc2 Ra4) 31. Qxa3 $11 Ra8 {[%emt 0:00:57] Wehrt Ba6 ab} (31... Rb8 $5 32. Rdd2 $8 Ra8 $11) 32. Ba2 (32. Rc1 $11) 32... Nc5 (32... Nxb2 $1 $15 33. Qxb4 Qxb4 34. Rxb2 Qa3 35. Nxf5 Qf3) 33. Qc3 {[%emt 0:01:03][%cal Od1d4] Schwarz muss nun Rd4! beachten.} Na4 34. Qc1 Rc8 ({Vorzuziehen ist} 34... Qa7 $11 35. b3 (35. Nxf5 $2 Nxb2 $19) 35... Nc5 36. Nxf5 Nxb3) 35. Nc4 $1 $14 {[%emt 0:00:18] Und Rc2 würde nun gewinnen.} (35. Bc4 Qa7 $11) 35... Qa6 36. Rc2 (36. Rd4 $1 $14) 36... Ra8 $1 $11 37. Qd2 $2 {[%emt 0:02:07][%mdl 8192] [#]} (37. Na3 $11 Nxb2 38. Rxb2 Qxa3 39. Ka1) 37... Nc5 $1 38. b3 (38. Qxb4 Qxa2+) 38... Rxb3+ (38... Nxb3 $2 39. Qxb4 Nc5 40. Nxd6 $18) 39. Ka1 Rb7 40. Rb1 {[%emt 0:00:34] Droht Rxb7 und aus.} Nb3+ $1 (40... Qxa2+ $2 41. Rxa2 Rxb1+ 42. Kxb1 $18) 41. Rxb3 Rxb3 42. h5 Rd3 43. Qc1 Qa7 (43... Rxd5 $2 44. Ne3 Kf8 45. Nxd5 $18) 44. g6 $2 {[%emt 0:01:27] [#]} (44. Nb6 Rf8 (44... Qxb6 $2 45. Rc8+ Kf7 46. Rxa8 $19) 45. Nc8 Qd4+ 46. Qb2) 44... Rc3 $3 $19 {[%emt 0:01:19][%mdl 512] ( -> ...Rxc4)} 45. Qd2 (45. Qb1 Qd4) 45... Rd3 46. Qc1 Qd4+ (46... Rxd5 $2 47. Nb6 (47. Ne3 Qd4+ 48. Kb1 Rb8+ 49. Rb2 Qd3+ 50. Ka1 Ra8 $18) 47... Rd8 48. Nxd5 $18) (46... Qa4 $19 {[%cal Od3c3] und alles wird gut. Droht stark ...Rc3!} 47. Qb1 Rb3 (47... Rxd5 $2 48. Rb2 $18)) 47. Nb2 $1 $18 Rc3 {[%emt 0:01:30] [#]} (47... hxg6 48. hxg6 Rf8 49. Qh1 $18) (47... Rf8) 48. Nc4 $4 {[%emt 0:00:30][%mdl 8192] [#]} Qa7 49. Qd2 $1 $19 Rxc2 (49... Qg1+ $142 50. Kb2 Rd3) 50. Qxc2 Qd4+ 51. Nb2 e3 {[%emt 0:00:30] Gewichteter Fehlerwert: Weiß=0.55/Schwarz=1.22.  Verlustzug:     	Weiß=1     	---        Gewinn verpasst:   	Weiß=1     	Schwarz=2     Fehler:       	Weiß=4     	Schwarz=6     Ungenau:       	Weiß=3     	---        OK:         	Weiß=7     	Schwarz=11    Bester:       	Weiß=3     	Schwarz=2     Stark:        	Weiß=3     	Schwarz=1} (51... Qxd5 $2 {zu gefräßig.} 52. Na4 $18) 0-1

[Event "1000GM Schev-A February 2024"]
[Site "Santa Clara"]
[Date "2024.02.19"]
[Round "4.3"]
[White "Zhou, Ruoyu"]
[Black "Jimenez Garcia, Emmanuel"]
[Result "1/2-1/2"]
[ECO "B90"]
[WhiteElo "2112"]
[BlackElo "2394"]
[Annotator "TA"]
[PlyCount "106"]
[EventDate "2024.02.13"]
[EventType "schev"]
[EventCountry "USA"]
[SourceTitle "playchess.com"]
[Source "ChessBase"]
[SourceQuality "1"]
[TimeControl "5400+30"]

1. e4 c5 2. Nf3 d6 3. d4 cxd4 4. Nxd4 Nf6 5. Nc3 a6 6. Be3 e5 7. Nf3 Be7 8. Bc4 O-O 9. O-O Be6 10. Bb3 Nc6 11. h3 Na5 12. Bg5 Nxb3 13. axb3 Nd7 14. Bxe7 Qxe7 15. Qd2 Nf6 16. Rfd1 Rfd8 17. Qe3 Qc7 18. Rd2 b5 19. Rad1 h6 20. Nh4 b4 21. Nd5 Nxd5 22. exd5 Bd7 23. Qe4 a5 24. Nf5 Bxf5 25. Qxf5 Qd7 26. Qd3 Rdc8 27. Rf1 f5 28. Re1 Rc5 29. f3 (29. c4 $11 {remains equal.}) 29... Rac8 30. Kh2 Qf7 31. Ree2 Qf6 32. Re1 Qg5 33. Ree2 h5 34. Rd1 h4 35. Kg1 {[%emt 0:01:03] White is weak on the dark squares} Qf4 36. Rdd2 Kh7 37. Rd1 Qg5 38. Rdd2 Qf4 39. Rd1 Kg8 40. Rdd2 $1 Qd4+ 41. Qxd4 exd4 42. Rxd4 ({White should play} 42. f4 $15) 42... Rxc2 $19 43. Rdd2 (43. Kf1) 43... Rxd2 44. Rxd2 {[%emt 0:02:43][%mdl 4096] Endgame. KR-KR} Kf7 45. f4 {[%emt 0:02:09] [#]} Re8 $1 {[%emt 0:02:00] And now ...Re3 would win.} 46. Kf2 Re4 47. Kf3 Re1 {[%emt 0:01:39] Dodges Rd1} (47... Kf6 $19 48. Rd1 g5 49. fxg5+ Kxg5) 48. Kf2 $17 Rc1 49. Ke3 Re1+ 50. Kf2 $1 Re4 (50... Rh1 $17 51. Ke3 Kf6) 51. Kf3 $19 g6 52. Rd1 {[%emt 0:00:41] [#]} g5 $2 53. fxg5 $11 Re5 {[%emt 0:00:23] Weighted Error Value: White=0.16 (very precise) /Black=0.22 (precise) .  Mistake:       	White=3     	Black=3      Inaccurate:     	White=5     	Black=4      OK:         	White=6     	Black=16     Best:        	White=5     	Black=2      Strong:       	White=2     	---} 1/2-1/2

[Event "1000GM Schev-A February 2024"]
[Site "Santa Clara"]
[Date "2024.02.19"]
[Round "4.4"]
[White "Rajaram, Rohan"]
[Black "Martin Carmona, Gaston Manuel"]
[Result "1-0"]
[ECO "E16"]
[WhiteElo "2151"]
[BlackElo "2343"]
[Annotator "TA"]
[PlyCount "117"]
[EventDate "2024.02.13"]
[EventType "schev"]
[EventCountry "USA"]
[SourceTitle "playchess.com"]
[Source "ChessBase"]
[SourceQuality "1"]
[TimeControl "5400+30"]

1. d4 Nf6 2. c4 e6 3. g3 Bb4+ 4. Nd2 d5 5. Bg2 O-O 6. Ngf3 b6 7. O-O Bb7 8. Ne5 Re8 9. Ndf3 Bf8 10. Qc2 h6 {[%emt 0:04:51] Verhindert Ng5. Die Stellung ist ausgeglichen.} 11. b3 Nbd7 12. Bb2 (12. Nxd7 {vereinfacht} Nxd7 13. Bb2 a5 14. Rac1) 12... Rc8 13. Rfd1 c6 14. Rac1 a5 15. a4 Nb8 16. e3 Na6 17. Qe2 Nb4 18. Nd3 Nxd3 19. Qxd3 Ba6 20. Ne5 Bd6 21. f4 Qe7 22. Qd2 Bb7 23. Rc2 c5 24. Qe2 Red8 25. Bf3 Rc7 26. Rdc1 Rdc8 27. Qg2 cxd4 28. Bxd4 Bc5 29. Kh1 (29. Bxc5 $11 Qxc5 30. Qd2) 29... Bxd4 $17 30. exd4 Qb4 (30... Qa3 $17 31. Qd2 Qxb3) 31. Rc3 (31. Qd2 $15) 31... Ba6 (31... dxc4 $17 32. Rxc4 (32. Bxb7 $2 cxb3 33. Rxc7 Rxc7 $17) 32... Rxc4 (32... Qxb3 $2 33. Rxc7 Rxc7 34. Rxc7 $18) 33. bxc4 Bd5 34. Bxd5 Nxd5 (34... exd5 35. g4 $15)) 32. Nd3 $2 (32. g4 $1 $15) 32... Qe7 $19 33. Ne5 Qb4 34. Nd3 Qa3 (34... Qf8 $142 $1 35. Ne5 dxc4 36. bxc4 Nd5 37. Bxd5 (37. cxd5 $2 {geht unter.} Rxc3 38. Rg1 Bb7 $19) 37... exd5) 35. Qb2 $17 Qe7 (35... Qxb2 $5 36. Nxb2 dxc4 37. bxc4 Nd5 38. Bxd5 exd5 $17) 36. Ne5 Qd6 37. Qf2 (37. R3c2 $11) 37... dxc4 38. bxc4 Qb4 39. Qc2 {[%emt 0:02:46] [#]} Nd5 $1 40. Bxd5 exd5 41. Nd3 (41. Rb3 $17 Qxa4 42. Rxb6 Qxc2 43. Rxc2 Bxc4 44. Nxc4 dxc4 (44... Rxc4 45. Ra2 $17) 45. Ra6) 41... Qe7 $19 42. Re1 Qf6 43. c5 Qxd4 44. c6 Qf6 {[%emt 0:01:34][%cal Od5d4] Weiss muss nun ...d4! beachten.} 45. Ne5 b5 $2 (45... d4 $19 46. Rb3 Bb7 47. Rxb6 Bxc6+ 48. Nxc6 Rxc6 49. Rxc6 Qxc6+ 50. Qxc6 Rxc6) 46. Rc5 bxa4 47. Qxa4 Bc4 48. Qxa5 Qd6 49. Rd1 Qe6 50. Re1 {[%emt 0:00:48] Nxc4 wäre nun fies.} Re7 51. c7 Ree8 $2 {[%emt 0:00:52] [#] Schwarz hat schwache schwarze Felder} (51... Qa6 $11) 52. Nf3 $2 (52. Kg2 $1 $18 {Droht stark Nxc4.} Qf6 53. Rc6) 52... Be2 $11 53. Ne5 (53. Rxd5 {führt zum Matt.} Bxf3+ 54. Kg1 Qh3 (54... Qxe1+ $2 55. Qxe1 Rxe1+ 56. Kf2 $19) (54... Qxe1+ $2 55. Qxe1 Rxe1+ 56. Kf2 $19)) 53... Qh3 $2 54. Qd2 (54. Rxe2 $2 Qf1#) 54... Ba6 (54... Bc4 $16 {kämpft weiter.}) 55. Qxd5 $18 Qf5 56. Qc6 (56. Kg1 $18 {und Weiss behält klar die Oberhand.}) 56... Re6 $16 {[%emt 0:00:28] [#]} 57. Qd5 {[%emt 0:00:34] Weiß hat aktiveres Spiel.} (57. Qa4 $1 $16) 57... f6 $2 (57... Ree8 $11) 58. g4 Bb7 59. Qxb7 {[%emt 0:00:18] Was für ein Kampf!   Gewichteter Fehlerwert: Weiß=0.33/Schwarz=0.38.  Verlustzug:     	Weiß=1     	Schwarz=3     Gewinn verpasst:   	Weiß=1     	Schwarz=1     Fehler:       	Weiß=6     	Schwarz=4     Ungenau:       	Weiß=4     	Schwarz=3     OK:         	Weiß=10    	Schwarz=15    Bester:       	Weiß=4     	Schwarz=2     Brilliant:      	---       	Schwarz=1} 1-0

[Event "1000GM Schev-A February 2024"]
[Site "Santa Clara"]
[Date "2024.02.19"]
[Round "4.5"]
[White "Arenas, David"]
[Black "Sivakumar, Shaaketh"]
[Result "1/2-1/2"]
[ECO "C19"]
[WhiteElo "2406"]
[BlackElo "2364"]
[Annotator "RC"]
[PlyCount "55"]
[EventDate "2024.02.13"]
[EventType "schev"]
[EventCountry "USA"]
[SourceTitle "playchess.com"]
[Source "ChessBase"]
[SourceQuality "1"]
[TimeControl "5400+30"]

1. e4 e6 2. d4 d5 3. Nc3 Bb4 4. e5 Ne7 5. a3 Bxc3+ 6. bxc3 c5 7. Nf3 Qc7 8. Bd3 b6 9. a4 Ba6 10. Bxa6 Nxa6 11. O-O Rc8 12. a5 Nb8 13. axb6 axb6 14. Ba3 O-O 15. Qe2 Nd7 16. c4 Rfe8 17. dxc5 Nxc5 18. Nd4 Ne4 19. Nb5 Qd7 20. Rfd1 Red8 21. cxd5 Nxd5 22. Kf1 Qe8 23. Bb2 Nf4 24. Qxe4 Qxb5+ 25. c4 Qb3 26. Rxd8+ Rxd8 27. Qd4 Rc8 28. Ke1 1/2-1/2